 Dungeon Crawl Stone Soup version 0.30-a0-881-g1ff12e1e11 (webtiles) character file.

Game seed: 5970146403371354678

144396 jasper the Demonic Cataclysm (level 16, 0/129 HPs)
             Began as a Demonspawn Gladiator on Mar 14, 2023.
             Was a High Priest of Qazlal.
             Slain by a salamander
             ... wielding a +0 spear
              (9 damage)
             ... on level 4 of the Snake Pit.
             The game lasted 00:58:51 (32038 turns).

jasper the Demonic Cataclysm (DsGl)                Turns: 32038, Time: 00:58:52

Health: 0/129      AC: 22    Str: 17    XL:     16   Next: 85%
Magic:  26/30      EV: 14    Int:  9    God:    Qazlal [*****.]
Gold:   3977       SH:  6    Dex: 21    Spells: 15/15 levels left

rFire   + . .      SeeInvis .    A - +4 lajatang (flame)
rCold   + . .      Faith    +    (shield currently unavailable)
rNeg    . . .      Spirit   .    S - +2 chain mail {rF+}
rPois   +          Reflect  .    c - +1 helmet
rElec   .          Rampage  .    (no cloak)
rCorr   .                        u - +0 pair of gloves
Will    +....                    L - +0 pair of boots Stlth
                                 B - amulet of faith
HPRegen 4.41/turn                X - ring of poison resistance
MPRegen 0.22/turn                w - ring of protection from cold

@: lethally poisoned (0 -> 0), protected from physical damage, constricted,
repel missiles
A: hooves 2, powered by death 2, powered by pain 3, sturdy frame 2
a: Renounce Religion, Upheaval, Elemental Force, Disaster Area


You were on level 4 of the Snake Pit.
You worshipped Qazlal.
Qazlal was extremely pleased with you.
You visited 5 branches of the dungeon, and saw 27 of its levels.
You also visited: Volcano.

You collected 4037 gold pieces.
You spent 60 gold pieces at shops.

Inventory:

Hand Weapons
 a - a +0 lajatang
 A - a +4 lajatang of flaming (weapon)
Missiles
 b - 7 silver javelins
 e - 6 javelins
 l - 3 throwing nets
 o - 37 poisoned darts
 t - 11 boomerangs (quivered)
 T - 10 curare-tipped darts
Armour
 c - a +1 helmet (worn)
 u - a +0 pair of gloves (worn)
 L - a +0 pair of boots (worn)
 S - a +2 chain mail of fire resistance (worn)
Jewellery
 n - a +6 ring of strength
 v - a ring of willpower
 w - a ring of protection from cold (right hand)
 B - an amulet of faith (around neck)
 O - a ring of see invisible
 X - a ring of poison resistance (left hand)
Wands
 f - a wand of digging (3)
 x - a wand of mindburst (10)
 D - a wand of iceblast (5)
 J - a wand of polymorph (14)
 V - a wand of flame (26)
 W - a wand of paralysis (8)
 Y - a wand of light (5)
Scrolls
 g - 9 scrolls of teleportation
 i - 14 scrolls of identify
 s - 6 scrolls of fog
 y - 2 scrolls of amnesia
 z - 4 scrolls of enchant armour
 C - 2 scrolls of immolation
 E - 3 scrolls of fear
 F - 4 scrolls of poison
 K - a scroll of summoning
 M - 3 scrolls of magic mapping
 N - a scroll of silence
 P - 2 scrolls of torment
 Z - 2 scrolls of blinking
Potions
 d - 2 potions of ambrosia
 h - 10 potions of curing
 j - 4 potions of haste
 k - 5 potions of brilliance
 m - 2 potions of magic
 q - 9 potions of flight
 r - 8 potions of mutation
 G - a potion of resistance
 H - 6 potions of cancellation
 R - 2 potions of invisibility
Miscellaneous
 p - a phantom mirror
 I - a phial of floods
 Q - a box of beasts


   Skills:
 + Level 12.7 Fighting
 - Level 14.0 Staves
 - Level 1.7 Throwing
 + Level 11.5 Armour
 + Level 11.9 Dodging
 * Level 21.9 Invocations


You had 15 spell levels left.
You didn't know any spells.
Your spell library contained the following spells:

 Spells                   Type           Power      Damage    Failure   Level
 Magic Dart               Conj           0%         1d3       78%         1
 Call Imp                 Summ           0%         N/A       89%         2
 Cigotuvi's Dreadful Rot  Necr/Pois/Air  0%         N/A       89%         2
 Lesser Beckoning         Tloc           0%         N/A       89%         2
 Gell's Gravitas          Tloc           0%         N/A       98%         3
 Mephitic Cloud           Conj/Pois/Air  0%         N/A       98%         3
 Ozocubu's Armour         Ice            0%         N/A       98%         3
 Portal Projectile        Hex/Tloc       0%         N/A       98%         3
 Teleport Other           Tloc           0%         N/A       98%         3
 Tukima's Dance           Hex            0%         N/A       98%         3
 Animate Dead             Necr           0%         N/A       100%        4
 Dispel Undead            Necr           0%         3d6       100%        4
 Passage of Golubria      Tloc           0%         N/A       100%        4
 Alistair's Intoxication  Tmut/Pois      0%         N/A       100%        5
 Blade Hands              Tmut           0%         N/A       100%        5
 Borgnjor's Vile Clutch   Necr/Erth      0%         N/A       100%        5
 Fireball                 Conj/Fire      0%         3d3       100%        5
 Iskenderun's Battlesphe  Conj           0%         2d6       100%        5
 Yara's Violent Unravell  Hex/Tmut       0%         3d3       100%        5
 Conjure Ball Lightning   Conj/Air       0%         3x3d6     100%        6
 Death Channel            Necr           0%         N/A       100%        6
 Dispersal                Tloc           0%         N/A       100%        6
 Eringya's Noxious Bog    Tmut/Pois      0%         N/A       100%        6
 Malign Gateway           Summ/Tloc      0%         N/A       100%        7
 Orb of Destruction       Conj           0%         9d5       100%        7
 Ozocubu's Refrigeration  Ice            0%         4d7       100%        7
 Spellforged Servitor     Conj/Summ      0%         N/A       100%        7
 Summon Hydra             Summ           0%         N/A       100%        7
 Summon Horrible Things   Summ           0%         N/A       100%        8


Dungeon Overview and Level Annotations

Branches:
Dungeon (15/15)            Temple (1/1) D:6            Lair (5/5) D:9
 Shoals (0/4) Lair:2        Snake (4/4) Lair:3        Slime (0/5) Lair:4
    Orc (2/2) D:12            Elf (0/3) Orc:2        Vaults (0/5) D:14
 Depths (0/4) D:15        Volcano (visited)

Altars:
Cheibriados
Dithmenos
Gozag
Kikubaaqudgha
Makhleb
Okawaru
Qazlal
Ru
Uskayaw
Wu Jian
Xom
Yredelemnul

Shops:
D:3 ?   Orc:2 [(((

Portals:
Abyss: Lair:5

Annotations:
D:4 2 transporters, oldplebian's ghost, amateur GnCA
D:15 Roxanne
Lair:5 2 transporters, Palms's ghost, adept FoVM


Innate Abilities, Weirdness & Mutations

You have hoof-like feet.
You regenerate health from kills.
You are powered by pain.
Your movements are less encumbered by armour. (ER -4)


Message History

The naga warrior hits you with a +0 glaive!
The naga warrior grabs you. The naga warrior constricts you.
The salamander sizzles in the rain.
The salamander hits you with a +0 spear!
You are engulfed in flames.
You resist.
* * * LOW HITPOINT WARNING * * *
You take 23 damage, and have 37/129 hp.
You hit the naga mage. You burn the naga mage.
The naga mage is heavily wounded.
You feel sick.
The naga mage is asphyxiated!
Your air elemental barely misses the naga mage.
The naga mage spits poison at you. You block the splash of poison.
The naga mage spits poison at you. The splash of poison hits you. You resist.
* * * LOW HITPOINT WARNING * * *
Your air elemental hits the naga mage!
The guardian serpent is engulfed in blazing flames.
The guardian serpent hits you!
* * * LOW HITPOINT WARNING * * *
The naga mage hits you with a +0 club!
* * * LOW HITPOINT WARNING * * *
You take 19 damage, and have 18/129 hp.
You hit the guardian serpent. You burn the guardian serpent.
You kill the guardian serpent!
Qazlal accepts your kill.
You feel sick.
The naga mage is asphyxiated!
Your air elemental hits the naga mage.
The naga mage is engulfed in freezing vapours.
You kill the naga mage!
Qazlal accepts your kill.
The naga warrior hits you with a +0 glaive!
* * * LOW HITPOINT WARNING * * *
You feel more protected from physical attacks.
The naga warrior constricts you.
* * * LOW HITPOINT WARNING * * *
Your air elemental hits the naga mage but does no damage.
The salamander sizzles in the rain.
The salamander hits you with a +0 spear!
You die...

#### ##..# ##
#######...# ..##
.....°.§E.#....#
......N)N.......
......°@E§..#
......N○○..##
.....§..E°.#
......!....+
...........+
...........#
............
.............


You could see a naga warrior, a salamander (strong), a naga mage (fast, strong,
distracted, ally target), a friendly earth elemental (summoned), a friendly
water elemental (summoned) and a friendly air elemental (summoned).

Vanquished Creatures
  Vashnia (Snake:2)
  Rupert (D:14)
  Jorgrun (Snake:2)
  Kirke (D:14)
  A frost giant (D:15)
  7 hydras
  5 centaur warriors
  4 catoblepae (Lair:5)
  An ogre mage (D:12)
  2 boulder beetles
  5 two-headed ogres
  4 anacondas
  A death knight (D:15)
  19 death yaks
  4 naga warriors
  Urug (D:14)
  3 shock serpents
  5 tengu warriors
  3 orc high priests (Orc:2)
  6 naga sharpshooters
  Sonja (Lair:1)
  A salamander mystic (Snake:2)
  Lodul (D:12)
  A shadow wraith (D:14)
  4 orc knights
  2 wizards (D:13)
  5 lindwurms
  A naga ritualist (Snake:2)
  7 mana vipers
  7 ugly things
  5 deep elf pyromancers
  5 orc sorcerers
  3 cyclopes
  8 manticores
  5 salamanders
  4 guardian serpents
  18 elephants
  24 black mambas
  A water nymph (Lair:2)
  9 naga magi
  4 molten gargoyles
  Maggie (D:9)
  10 cane toads
  16 komodo dragons
  2 unseen horrors
  2 yaktaurs
  3 rime drakes
  2 efreet (Volcano)
  2 freezing wraiths (D:15)
  A kobold demonologist (D:11)
  2 polar bears
  A hornet (Lair:2)
  7 trolls
  Prince Ribbit (D:6)
  12 dream sheep
  21 blink frogs
  Sigmund (D:4)
  10 slime creatures
  5 wraiths
  5 wyverns
  73 yaks
  5 hogs (D:14)
  A vampire (D:10)
  6 fire elementals
  15 humans (D:14)
  Eustachio (D:4)
  4 basilisks
  A warg (Orc:1)
  Menkaure (D:6)
  25 nagas
  Edmund (D:5)
  2 acid dragons
  Duvessa (D:4)
  12 water moccasins
  3 black bears
  2 sky beasts (D:7)
  An ice beast (D:7)
  19 orc warriors
  9 ogres
  18 wolves
  7 centaurs
  A phantom (D:4)
  3 kobold brigands
  12 bullfrogs
  A scorpion (D:4)
  A gnoll sergeant (D:6)
  3 earth elementals (Volcano)
  3 wights (D:8)
  Dowan (D:4)
  4 killer bees (D:9)
  An electric eel (Lair:5)
  6 howler monkeys
  4 lava snakes (D:14)
  4 jellies
  A gnoll bouda (D:9)
  3 hounds
  19 orc priests
  A sleepcap (D:5)
  5 iguanas
  24 orc wizards
  Natasha (thrice) (D:4)
  9 adders
  7 gnolls
  A shadow imp (D:7)
  2 white imps
  An ufetubus (D:6)
  A worm (D:3)
  A dart slug (D:4)
  65 orcs
  10 endoplasms
  A giant cockroach (D:1)
  3 goblins
  7 hobgoblins
  6 jackals
  4 quokkas
  3 ball pythons
  9 bats
  2 frilled lizards
  18 kobolds
  12 rats
  A plant (Lair:5)
765 creatures vanquished.

Vanquished Creatures (collateral kills)
  Gastronok (Lair:2)
  3 death yaks (Lair:4)
  An orc knight (Orc:1)
  A gargoyle (D:10)
  An unseen horror (D:12)
  2 trolls (D:12)
  4 slime creatures
  A naga (Snake:4)
  An orc warrior (Orc:1)
  4 ogres (D:12)
  A centaur (D:12)
  An orc priest (Orc:1)
  A jelly (Lair:4)
  4 orc wizards (Orc:1)
  2 orcs (Orc:1)
28 creatures vanquished.

Vanquished Creatures (others)
  A human (D:14)
  A centaur (D:13)
  An orc priest (Orc:2)
  A gnoll (D:6)
  15 fungi
  69 plants
88 creatures vanquished.

Grand Total: 881 creatures vanquished

Notes
Turn   | Place    | Note
-------+----------+-------------------------------------------
     0 | D:1      | jasper the Demonspawn Gladiator began the quest for the
                  | Orb.
     0 | D:1      | Reached XP level 1. HP: 16/16 MP: 1/1
   204 | D:1      | Gained mutation: Your movements are slightly less
                  | encumbered by armour. (ER -2) [demonic ancestry]
   204 | D:1      | Reached XP level 2. HP: 22/22 MP: 2/2
   256 | D:1      | Found a faded altar of an unknown god.
   299 | D:1      | Prayed at the altar of an unknown god.
   299 | D:1      | Became a worshipper of Qazlal Stormbringer
   299 | D:1      | Reached * piety under Qazlal
  1024 | D:2      | Reached XP level 3. HP: 27/27 MP: 3/3
  1761 | D:3      | Found Ruvur's Magic Scroll Emporium.
  1767 | D:3      | Reached ** piety under Qazlal
  1773 | D:3      | Bought a scroll of fog for 40 gold pieces
  1773 | D:3      | Bought a scroll of identify for 20 gold pieces
  1851 | D:3      | Gained mutation: You sometimes gain a little power by
                  | taking damage. [demonic ancestry]
  1851 | D:3      | Reached XP level 4. HP: 33/33 MP: 4/4
  2652 | D:4      | Noticed an orc warrior
  2655 | D:4      | Found a transporter.
  2655 | D:4      | Noticed oldplebian's ghost (amateur GnCA)
  2656 | D:4      | Noticed Natasha
  2668 | D:4      | Killed Natasha
  2669 | D:4      | Reached skill level 5 in Staves
  2670 | D:4      | Found a transporter.
  2680 | D:4      | Noticed a scorpion
  2686 | D:4      | Killed a scorpion
  2687 | D:4      | Reached XP level 5. HP: 38/38 MP: 5/5
  2689 | D:4      | Noticed Natasha
  2696 | D:4      | Killed Natasha
  2697 | D:4      | Noticed a phantom
  2707 | D:4      | Killed a phantom
  2708 | D:4      | Gained mutation: You have large cloven feet. [demonic
                  | ancestry]
  2708 | D:4      | Reached XP level 6. HP: 33/44 MP: 6/6
  2770 | D:4      | Found an iron altar of Okawaru.
  2787 | D:4      | Noticed Eustachio
  2796 | D:4      | Killed Eustachio
  2897 | D:4      | Reached XP level 7. HP: 49/50 MP: 7/7
  2932 | D:4      | Noticed Natasha
  2936 | D:4      | Killed Natasha
  2994 | D:4      | Reached *** piety under Qazlal
  3087 | D:4      | Noticed Dowan
  3098 | D:4      | Killed Dowan
  3316 | D:4      | Noticed Sigmund
  3331 | D:4      | Killed Sigmund
  3402 | D:4      | Noticed Duvessa
  3426 | D:4      | Killed Duvessa
  3776 | D:5      | Entered Level 5 of the Dungeon
  3877 | D:5      | Reached XP level 8. HP: 53/56 MP: 8/8
  4299 | D:5      | Identified the +4 ring mail "Lonoint" {+Blink SInv}
  4735 | D:6      | Reached skill level 10 in Staves
  4973 | D:6      | Noticed Edmund
  4976 | D:6      | Noticed Menkaure
  5028 | D:5      | Killed Edmund
  5194 | D:6      | Found a staircase to the Ecumenical Temple.
  5221 | D:6      | Noticed Prince Ribbit
  5226 | D:6      | Killed Menkaure
  5241 | D:6      | Killed Prince Ribbit
  5242 | D:6      | Gained mutation: Your movements are less encumbered by
                  | armour. (ER -4) [demonic ancestry]
  5242 | D:6      | Reached XP level 9. HP: 35/61 MP: 9/9
  5366 | Temple   | Entered the Ecumenical Temple
  5775 | D:6      | Found a shimmering altar of Xom.
  5945 | D:6      | Found a burning altar of Makhleb.
  5947 | D:6      | Found an opulent altar of Gozag.
  5948 | D:6      | Found an ornate altar of the Wu Jian Council.
  5949 | D:6      | Found a hide-covered altar of Uskayaw.
  6131 | D:7      | Reached **** piety under Qazlal
  7132 | D:8      | Noticed a two-headed ogre
  7266 | D:7      | Killed a two-headed ogre
  7509 | D:8      | Gained mutation: You sometimes gain power by taking damage.
                  | [demonic ancestry]
  7509 | D:8      | Reached XP level 10. HP: 41/63 MP: 10/10
  7717 | D:8      | Reached ***** piety under Qazlal
  8274 | D:9      | Reached skill level 1 in Invocations
  8398 | D:9      | Reached skill level 1 in Armour
  8398 | D:9      | Reached skill level 2 in Invocations
  8408 | D:9      | Reached skill level 3 in Invocations
  8588 | D:9      | Noticed a two-headed ogre
  8649 | D:9      | Killed a two-headed ogre
  8650 | D:9      | Reached skill level 5 in Invocations
  8868 | D:9      | Noticed Maggie
  8878 | D:9      | Killed Maggie
  9032 | D:9      | Reached skill level 6 in Invocations
  9042 | D:9      | Gained mutation: You regenerate a little health from kills.
                  | [demonic ancestry]
  9042 | D:9      | Reached XP level 11. HP: 72/76 MP: 15/15
  9097 | D:9      | You fall into a shaft and drop 1 floor!
  9097 | D:10     | Entered Level 10 of the Dungeon
  9499 | D:9      | Identified the +0 leather armour of Past Mistakes {Dex+2}
  9716 | D:9      | Found a staircase to the Lair.
 10137 | D:10     | Noticed a two-headed ogre
 10166 | D:10     | Killed a two-headed ogre
 10167 | D:10     | Reached skill level 7 in Invocations
 11386 | D:11     | Reached skill level 8 in Invocations
 11484 | D:11     | Reached skill level 5 in Fighting
 11484 | D:11     | Reached skill level 5 in Dodging
 11723 | D:11     | Reached skill level 9 in Invocations
 12493 | Lair:1   | Entered Level 1 of the Lair of Beasts
 12502 | Lair:1   | Reached skill level 10 in Invocations
 12688 | Lair:1   | Reached skill level 5 in Armour
 12689 | Lair:1   | Gained mutation: You are powered by pain. [demonic
                  | ancestry]
 12689 | Lair:1   | Reached XP level 12. HP: 60/87 MP: 19/19
 12949 | Lair:1   | Reached skill level 11 in Invocations
 13142 | Lair:1   | Noticed Sonja
 13144 | Lair:1   | Killed Sonja
 14122 | Lair:2   | Reached skill level 12 in Invocations
 14734 | Lair:2   | Noticed Gastronok
 14741 | Lair:2   | Killed Gastronok
 14742 | Lair:2   | Reached skill level 13 in Invocations
 15327 | Lair:2   | Gained mutation: You regenerate health from kills. [demonic
                  | ancestry]
 15327 | Lair:2   | Reached XP level 13. HP: 56/98 MP: 23/23
 15875 | Lair:2   | Identified the +2 leather armour of the Dragon {Will+ MP+9
                  | Dex-3 Slay+3}
 16052 | Lair:2   | Found a staircase to the Shoals.
 16535 | Lair:3   | Found a staircase to the Snake Pit.
 16557 | Lair:3   | Reached skill level 14 in Invocations
 16717 | Lair:3   | Found the +8 whip "Snakebite" {venom, curare, rPois}
 18558 | Lair:4   | Reached skill level 15 in Invocations
 19058 | Lair:4   | Found a staircase to the Slime Pits.
 19544 | D:12     | Found a staircase to the Orcish Mines.
 20273 | D:12     | Noticed Lodul
 20311 | D:12     | Killed Lodul
 20466 | D:12     | Reached skill level 16 in Invocations
 20466 | D:12     | Gained mutation: You have hoof-like feet. [demonic
                  | ancestry]
 20466 | D:12     | Reached XP level 14. HP: 54/108 MP: 24/26
 20599 | D:12     | Found a shimmering altar of Xom.
 20850 | Orc:1    | Entered Level 1 of the Orcish Mines
 21052 | Orc:1    | Found a runed translucent door.
 21379 | Orc:2    | Entered Level 2 of the Orcish Mines
 21417 | Orc:2    | Found a staircase to the Elven Halls.
 21440 | Orc:2    | Found a dark tunnel.
 21468 | Volcano  | Entered a volcano
 22951 | Orc:2    | Reached skill level 17 in Invocations
 23577 | Orc:2    | Found Xesu's Weapon Boutique.
 23577 | Orc:2    | Found Rafruteg's Antique Weapon Boutique.
 23582 | Orc:2    | Found Ighosuv's Weapon Emporium.
 23582 | Orc:2    | Found Lesh's Antique Armour Emporium.
 24024 | Lair:5   | Entered Level 5 of the Lair of Beasts
 24031 | Lair:4   | Reached skill level 10 in Fighting
 24040 | Lair:5   | Found a transporter.
 24051 | Lair:5   | Found a one-way gate to the infinite horrors of the Abyss.
 24051 | Lair:5   | Noticed Palms's ghost (adept FoVM)
 24086 | Lair:4   | Reached skill level 18 in Invocations
 24158 | Lair:4   | Reached XP level 15. HP: 109/117 MP: 28/28
 24173 | Lair:4   | Reached skill level 10 in Dodging
 24605 | Lair:5   | Reached skill level 19 in Invocations
 24744 | Lair:5   | Found a transporter.
 25194 | Lair:5   | Reached skill level 10 in Armour
 25468 | Lair:5   | Identified the +5 falchion of Fate {spect, rF+ Int+3}
 26409 | D:13     | Got the Monograph on the Congregation and Shades
 26836 | D:14     | Noticed Kirke
 26858 | D:14     | Killed Kirke
 26930 | D:14     | Noticed Urug
 26930 | D:14     | Noticed Rupert
 26930 | D:14     | Found a gate to the Vaults.
 26931 | D:14     | Reached ****** piety under Qazlal
 26932 | D:14     | Killed Rupert
 26942 | D:14     | Killed Urug
 26965 | D:14     | Reached skill level 20 in Invocations
 27650 | D:15     | Entered Level 15 of the Dungeon
 27660 | D:15     | Reached XP level 16. HP: 124/127 MP: 30/30
 28419 | D:15     | Identified Roxanne's Vellum of Transmutation
 28419 | D:15     | Noticed Roxanne
 28895 | D:15     | Found a staircase to the Depths.
 29226 | Snake:1  | Entered Level 1 of the Snake Pit
 29521 | Snake:1  | Reached skill level 21 in Invocations
 29791 | Snake:1  | Found an ancient bone altar of Kikubaaqudgha.
 29992 | Snake:2  | Noticed Jorgrun
 29994 | Snake:2  | Killed Jorgrun
 30065 | Snake:2  | Noticed Vashnia
 30081 | Snake:2  | Killed Vashnia
 30654 | Snake:2  | Identified the +6 quarterstaff of Cataclysm {heavy, Fly}
 31438 | Snake:3  | Identified a scroll of acquirement
 31440 | Snake:3  | Acquired 1072 gold pieces
 32016 | Snake:4  | Entered Level 4 of the Snake Pit
 32038 | Snake:4  | Slain by a salamander

Illustrated notes

Levels and vault maps discovered:
D:1:      wander_arrival_desolate, layout_basic,
          hellmonk_ecumenical_altar_prayer_group
D:2:      layout_loops_cross, minmay_misc_feat_rows, minmay_box_of_dots
D:3:      layout_basic, serial_shops, nicolae_shop_advertising_works
          [nicolae_subvault_shop_adworks], st_stairs_7,
          chequers_hall_statues_corner_a, minmay_increasing_density
D:4:      layout_basic, kennysheep_mini, amcnicky_altar_gilded,
          gammafunk_ghost_arena, uniq_natasha, uniq_sigmund, uniq_duvessa,
          uniq_eustachio
D:5:      layout_loops_ring, st_stairs_13, item_on_display_a
D:6:      layout_cave_pools, grunt_temple_overflow_open,
          minmay_temple_entry_junction, uniq_edmund, uniq_prince_ribbit1,
          uniq_menkaure
D:7:      layout_loops_cross, kennysheep_opposing_triangles
D:8:      layout_loops_ring, kennysheep_generic_room_16
D:9:      layout_small_grid, david_lair_shrubbed, st_stairs_9,
          solitary_fountain, uniq_maggie
D:10:     layout_long_grid, grunt_ministairs_8
D:11:     layout_roguey
D:12:     layout_cross, orc_0_dummy, minmay_ruined_shrine, uniq_lodul
D:13:     cheibrodos_lost_city_excavation, layout_small_grid, drop_trap,
          kennysheep_generic_room_10
D:14:     layout_basic, david_vaults_3, minmay_misc_feat_diagonals,
          minmay_fractal_squares_5, uniq_kirke
D:15:     grunt_enter_depths_snipers, layout_basic,
          nicolae_tso_swordbearing_angel, uniq_roxanne, uniq_rupert
Temple:   nicolae_temple_bog_church
Lair:1:   layout_hall_layers, beast_lair_carwin_11, lemuel_fruit_tree,
          lemuel_fruit_fields, infiniplex_staircase_pool_2, grunt_megastairs_4,
          uniq_sonja
Lair:2:   cheibrodos_lair_overgrown_chateau, layout_chaotic_city,
          nicolae_shoals_entry_flooding, uniq_gastronok
Lair:3:   layout_roguey, guppyfry_snake_entry_island, serial_bayou_shore_b
Lair:4:   layout_regular_city, nicolae_slime_entry_slimehenge
Lair:5:   evilmike_catoblepas_cave, layout_long_grid,
          gammafunk_ghost_abyssal_escape, nicolae_quartered_pool_medium
Snake:1:  layout_rooms, basic_altar, grunt_ministairs_6
Snake:2:  layout_cave_shapes, grunt_ministairs_15, uniq_vashnia, uniq_jorgrun
Snake:3:  layout_gridlike, nicolae_triple_integral
Snake:4:  johnstein_snake_rune_scales, layout_cave_town,
          nicolae_snake_salamander_fort
Orc:1:    layout_caves, lightli_church_of_beogh
Orc:2:    st_orc_elflike, layout_diamond_mine, enter_volcano_4,
          lemuel_statue_altar, uniq_urug

Skill      XL: |  1  2  3  4  5  6  7  8  9 10 11 12 13 14 15 16 |
---------------+-------------------------------------------------+-----
Staves         | 3 4 5 6 7 9 11 13 14 | 14.0
Invocations    | 6 10 13 16 18 20 21 | 21.9
Armour         | 2 5 6 8 9 10 11 | 11.5
Dodging        | 4 5 7 8 9 11 | 11.9
Fighting       | 3 5 7 9 10 11 12 | 12.7
Throwing       | |  1.7

Action                     |  1- 3 |  4- 6 |  7- 9 | 10-12 | 13-15 | 16-18 || total
---------------------------+-------+-------+-------+-------+-------+-------++-------
  Melee: Quarterstaff      |    85 |    72 |   244 |   659 |   587 |       ||  1647
         Kick              |       |     2 |    82 |    49 |       |       ||   133
         Lajatang          |       |       |       |       |   621 |   389 ||  1010
  Throw: Stone             |    22 |       |       |       |       |       ||    22
         Dart              |     5 |    10 |       |       |       |       ||    15
         Throwing net      |     1 |     1 |     4 |     2 |       |       ||     8
         Boomerang         |       |     1 |    71 |    24 |    63 |     6 ||   165
 Invoke: Disaster Area     |       |       |       |     3 |     9 |     3 ||    15
         Elemental Force   |       |       |       |     3 |     7 |     2 ||    12
  Evoke: Wand              |       |       |     4 |    18 |    18 |       ||    40
         Box of beasts     |       |       |       |     1 |       |       ||     1
         Phial of floods   |       |       |       |     1 |     2 |       ||     3
    Use: Scroll            |    10 |     3 |     8 |     3 |     8 |     3 ||    35
         Potion            |       |       |     4 |     3 |     4 |     2 ||    13
   Stab: Invisible         |       |       |       |     2 |       |       ||     2
         Petrifying        |       |       |       |       |     2 |       ||     2
         Petrified         |       |       |       |       |    11 |       ||    11
         Paralysed         |       |       |       |       |     1 |     1 ||     2
 Armour: Leather armour    |    10 |       |       |       |       |       ||    10
         Scale mail        |    18 |    19 |    70 |   166 |     9 |       ||   282
         Ring mail         |       |       |       |       |   156 |       ||   156
         Chain mail        |       |       |       |       |   296 |   128 ||   424
  Dodge: Dodged            |    45 |    21 |   121 |   339 |   924 |   252 ||  1702
         Repelled          |       |       |     1 |     2 |    14 |    16 ||    33
  Block: Other             |     2 |     5 |    38 |   157 |   338 |   122 ||   662

Table legend: (Time is in decaauts)
 A = Elapsed time spent in this place.
 B = Non-inter-level travel time spent in this place.
 C = Inter-level travel time spent in this place.
 D = Time resting spent in this place.
 E = Time spent auto-exploring this place.
 F = Levels seen in this place.
 G = Mean time per level.
                   A        B        C        D        E       F      G
               +--------+--------+--------+--------+--------+-----+--------+
         Total |  31271 |  28911 |   2360 |   5596 |  17905 |  28 | 1116.8 |
       Dungeon |  17077 |  15469 |   1608 |   2425 |  10227 |  15 | 1138.5 |
        Temple |    277 |    277 |      0 |    273 |      0 |   1 |  277.0 |
          Lair |   8267 |   7821 |    446 |   1298 |   5118 |   5 | 1653.4 |
     Snake Pit |   2721 |   2585 |    136 |    542 |   1551 |   4 |  680.2 |
  Orcish Mines |   2100 |   1931 |    169 |    599 |    854 |   2 | 1050.0 |
       Volcano |    828 |    828 |      0 |    459 |    155 |   1 |  828.0 |
               +--------+--------+--------+--------+--------+-----+--------+

Top non-repeatable levels by time:
  Lair:2: 2185 daAuts
    D:11: 2009 daAuts
  Lair:4: 1955 daAuts
    D:10: 1507 daAuts
  Lair:1: 1481 daAuts
  Lair:3: 1477 daAuts
     D:9: 1460 daAuts
     D:7: 1350 daAuts
     D:4: 1262 daAuts
   Orc:1: 1188 daAuts
    D:15: 1174 daAuts
  Lair:5: 1168 daAuts
     D:3: 1121 daAuts
 Snake:3: 1061 daAuts
    D:12: 1036 daAuts
